 Dungeon Crawl Stone Soup version 0.24-a0-375-g4de66ed42b (console) character file.

Game seed: 5006348187663904051

93 Lexodia the Skirmisher (level 4, 0/44 HPs)
             Began as a Troll Fighter on May 31, 2019.
             Succumbed to an orc wizard's poison
             ... on level 2 of the Dungeon.
             The game lasted 00:01:47 (565 turns).

Lexodia the Skirmisher (Troll Fighter)               Turns: 565, Time: 00:01:48

Health: 0/44       AC:  6    Str: 24    XL:     4   Next: 36%
Magic:  3/3        EV:  8    Int:  4    God:
Gold:   15         SH:  9    Dex: 10    Spells: 3/3 levels left

rFire    . . .     SeeInvis .     - Unarmed
rCold    . . .     Gourm    +   b - +0 shield
rNeg     . . .     Faith    .   a - +0 robe
rPois    .         Spirit   .   (helmet restricted)
rElec    .         Reflect  .   (no cloak)
rCorr    .         Harm     .   (gloves unavailable)
MR       .....                  (boots unavailable)
Stlth    +.........             (no amulet)
HPRegen  0.54/turn              (no ring)
MPRegen  0.08/turn              (no ring)

@: lethally poisoned (0 -> -6)
A: large, unfitting armour, claws 3, fast metabolism 3, gourmand, regeneration
1, shaggy fur 1, tough skin 3
a: no special abilities


You were on level 2 of the Dungeon.
You were completely stuffed.

You visited 1 branch of the dungeon, and saw 2 of its levels.

You collected 15 gold pieces.

Inventory:

Armour
 a - a +0 robe (worn)
 b - a +0 shield (worn)
Scrolls
 g - 2 scrolls of identify {unknown}
Potions
 c - 2 potions of might
 e - a potion of resistance {unknown}
 f - a potion of lignification {unknown}
Comestibles
 d - 3 rations


   Skills:
 + Level 2.8 Fighting
 + Level 1.0 Throwing
 - Level 1.0 Armour
 + Level 2.7 Dodging
 + Level 0.5 Stealth
 + Level 2.7 Shields
 + Level 2.5 Unarmed Combat


You had 3 spell levels left.
You didn't know any spells.
Your spell library was empty.

Dungeon Overview and Level Annotations

Branches:
Dungeon (2/15)

Altars:


Innate Abilities, Weirdness & Mutations

You are too large for most types of armour.
You have claws for hands.
Your metabolism is lightning-fast.
You like to eat raw meat.
Your natural rate of healing is unusually fast.
You are covered in fur. (AC +1)
You have extremely tough skin. (AC +3)


Message History

Your Armour skill increases to level 1!
You have reached level 4!
* * * LOW HITPOINT WARNING * * *
You feel sick.
Damage: -2%(-1hp) hp: 10%(4hp)
You barely miss the orc.
* * * LOW HITPOINT WARNING * * *
You feel sick. You block the orc's attack.
Huge Dmg: -3%(-1hp) hp: 7%(3hp)
You closely miss the orc.
* * * LOW HITPOINT WARNING * * *
You feel sick. You block the orc's attack.
Huge Dmg: -2%(-1hp) hp: 5%(2hp)
You scratch the orc.
The orc is heavily wounded.
* * * LOW HITPOINT WARNING * * *
You feel sick. The orc hits you but does no damage.
You barely miss the orc.
The orc is heavily wounded.
You die...

########### ###
<.........#
.....########.######
#...)..oo@.......#
.......#..###.####.#
###$#.###.# #.# #.#
#..# ##.##.# #.# #.#
#.#.# #.# #. ##.#
#.# # #.# #.# #.#
#.# ..# #.#


You could see 2 orcs.

Vanquished Creatures
  2 orc wizards (D:2)
  A worm (D:2)
  A dart slug (D:1)
  A leopard gecko (D:1)
  An orc (D:2)
  4 bats (D:1)
  2 goblins (D:1)
  6 hobgoblins
  2 kobolds (D:1)
  4 frilled lizards (D:1)
  7 rats (D:1)
31 creatures vanquished.

Notes
Turn   | Place    | Note
-------+----------+-------------------------------------------
     0 | D:1      | Lexodia the Troll Fighter began the quest for the Orb.
     0 | D:1      | Reached XP level 1. HP: 22/22 MP: 0/0
    88 | D:1      | Reached XP level 2. HP: 29/29 MP: 1/1
   376 | D:1      | Reached XP level 3. HP: 36/36 MP: 2/2
   468 | D:2      | Huge Dmg: 11 dmg
   561 | D:2      | Huge Dmg: 4 dmg
   561 | D:2      | Reached skill level 1 in Throwing
   561 | D:2      | Reached skill level 1 in Armour
   561 | D:2      | Reached XP level 4. HP: 6/44 MP: 3/3
   563 | D:2      | Huge Dmg: 1 dmg
   563 | D:2      | HP: 2/44 [poisoned by an orc wizard]
   564 | D:2      | Huge Dmg: 1 dmg
   565 | D:2      | Succumbed to an orc wizard's poison

Levels and vault maps discovered:
D:1:      lightli_arrival_boilingwater, layout_loops_ring,
          grunt_decor_mini_mirrors, minmay_tetromino_o2
D:2:      layout_loops_ring, lemuel_zombie_altar_yredelemnul,
          grunt_temple_overflow_diamond, kennysheep_decorative_pillar,
          minmay_goblin_outpost

Skill      XL: |  1  2  3 |
---------------+----------+-----
Throwing       | 1 |  1.0
Armour         | 1 |  1.0
Fighting       | |  2.8
Dodging        | |  2.7
Stealth        | |  0.5
Shields        | |  2.7
Unarmed Combat | |  2.5

Action                   |  1- 3 |  4- 6 || total
-------------------------+-------+-------++-------
Melee: Unarmed           |   125 |     4 ||   129
  Eat: Chunk             |    11 |       ||    11
Armor: Robe              |    37 |     1 ||    38
Dodge: Dodged            |    35 |       ||    35
Block: Shield            |    48 |     2 ||    50

Table legend:
 A = Non-vault XP
 B = Vault XP
 C = Vault XP percentage of total XP
 D = Non-vault monster count
 E = Vault monster count
 F = Vault count percentage of total count
                 A         B        C        D         E       F
            +---------+---------+-------+---------+---------+-------
      Total |     133 |       0 |   0.0 |      31 |       0 |   0.0
            +---------+---------+-------+---------+---------+-------
        D:1 |      41 |       0 |   0.0 |      26 |       0 |   0.0
        D:2 |      92 |       0 |   0.0 |       5 |       0 |   0.0
            +---------+---------+-------+---------+---------+-------
